FIQ, neutral male scurrid Tourist ................ -- -- #........'... |+.(#...................r.. | -----------..... #.... ...## ..... ........ ##..... |....... ..###... |+.. .....##.. -- .......?#.. ........?#.. .........?#.. ...........?#.. ............##.. ...........###... ..........####..... .......#####........ ---------............ .......#..... ....... ..... ........ ..... FIQ the Rambler Experience level: 1 Strength: 11 Dexterity: 16 Constitution: 9 Intelligence: 12 Wisdom: 11 Charisma: 17 Health: 0(9) Energy: 2(2) Def: 0 Gold: 549 Moves: 94 Dungeon seed: uVcAT5XQ6KiDo_D0 Game ID: FIQ_1498601644 Your Inventory: Coins $ - 549 gold pieces Weapons a - 37 uncursed +2 darts (in quiver) Armor e - an uncursed +0 Hawaiian shirt (being worn) Comestibles b - 3 uncursed food rations c - an uncursed egg d - an uncursed tin of kobold meat f - an uncursed tin of sewer rat meat g - 2 uncursed tripe rations h - 2 uncursed pears i - an uncursed chestnut Scrolls k - 4 uncursed scrolls of magic mapping Potions j - 2 uncursed potions of extra healing Wands n - an uncursed wand of secret door detection (0:14) Tools l - an uncursed expensive camera (0:30) m - an uncursed credit card o - an uncursed towel Spells and supernatural/magical abilities: Name Level Category Fail Memory W - pray for help -- divine ? -- Your skills at the end: Miscellaneous Skills wands [Basic] Weapon Skills dart [Basic] Spellcasting Skills Final Attributes: You were devoutly aligned. You had infravision. You were very stealthy. You are dead. Voluntary challenges: You went without food. You did not adorn yourself with jewelry or accessories. You did not cause conflict. You were not invisible. You did not have reflection. You were not displaced. You were an atheist. You never hit with a wielded weapon. You were a pacifist. You did not use tools. You did not use plumbed fixtures. You did not drink any magical draughts. You were illiterate. You never genocided any monsters. You never polymorphed an object. You never changed form. You used no wishes. You never split a pudding. You never wrote Elbereth's name. You never violated your personal moral code. Dungeon overview: The Dungeons of Doom: levels 1 to 27 Level 1 a long staircase Level 2 Level 3 Level 4 Level 5 Level 6 Level 7 Level 8 Level 9 a long staircase Level 10 Level 11 a sink Level 12 Level 13 Level 14 Level 15 Level 16 Level 17 Level 18 Level 19 Level 20 Level 21 Level 22 Level 23 Level 24 Level 25 Level 26 Level 27 <- You were here some trees History has recorded: On T:1 you entered the Dungeons of Doom to retrieve the Amulet of Yendor! On T:25 you reached level 2 of The Dungeons of Doom. On T:28 you reached level 3 of The Dungeons of Doom. On T:30 you reached level 4 of The Dungeons of Doom. On T:32 you reached level 5 of The Dungeons of Doom. On T:34 you reached level 6 of The Dungeons of Doom. On T:37 you reached level 7 of The Dungeons of Doom. On T:39 you reached level 8 of The Dungeons of Doom. On T:41 you reached level 9 of The Dungeons of Doom. On T:43 you reached level 10 of The Dungeons of Doom. On T:47 you reached level 11 of The Dungeons of Doom. On T:49 you reached level 12 of The Dungeons of Doom. On T:52 you reached level 13 of The Dungeons of Doom. On T:54 you reached level 14 of The Dungeons of Doom. On T:56 you reached level 15 of The Dungeons of Doom. On T:58 you reached level 16 of The Dungeons of Doom. On T:61 you reached level 17 of The Dungeons of Doom. On T:63 you reached level 18 of The Dungeons of Doom. On T:63 you entered the Rogue tribute level. On T:65 you reached level 19 of The Dungeons of Doom. On T:69 you reached level 20 of The Dungeons of Doom. On T:71 you reached level 21 of The Dungeons of Doom. On T:73 you reached level 22 of The Dungeons of Doom. On T:76 you reached level 23 of The Dungeons of Doom. On T:78 you reached level 24 of The Dungeons of Doom. On T:80 you reached level 25 of The Dungeons of Doom. On T:82 you reached level 26 of The Dungeons of Doom. On T:85 you reached The Castle. Score breakdown: Gold: 0 ( 0 points) Experience: 1 level ( 0 points) Exploration: 27 levels ( 780 points) Discoveries: 0 items ( 0 points) Variety of kills: 0 monsters ( 0 points) Major goal: (nothing yet) ( 0 points) Survival: died (score multiplied by 3) Total score: 2340 Latest messages: You continue digging downward. You dig a pit in the floor. You hear a wolf howling at the moon. You continue digging downward. The floor here is too hard to dig in. That command is only available in debug mode. You are still in a pit. You have no weapon equipped. You crawl to the edge of the pit. You go down into the pit. You continue digging downward. The floor here is too hard to dig in. You continue digging downward. The floor here is too hard to dig in. You continue digging downward. The floor here is too hard to dig in. You continue digging downward. The floor here is too hard to dig in. You continue digging downward. The floor here is too hard to dig in. You continue digging downward. The floor here is too hard to dig in. You continue digging downward. The floor here is too hard to dig in. The clay golem claws you! You die... Final status: Aloha FIQ the Tourist, killed by a clay golem... You died in The Dungeons of Doom on dungeon level 27 with 2340 points, and 549 pieces of gold, after 94 moves. You were level 1 with a maximum of 9 hit points when you died.